 Dungeon Crawl Stone Soup version bcrawl-1.14.2-1-gc900083943 (webtiles) character file.

Game seed: 9043998174888745140

123 Chiseanne the Sneak (level 5, 0/34 HPs)
             Began as an Octopode Archaeologist on Sept 21, 2019.
             Succumbed to an adder's poison
             ... on level 3 of the Dungeon.
             The game lasted 00:04:15 (2387 turns).

Chiseanne the Sneak (Octopode Archaeologist)        Turns: 2387, Time: 00:04:16

Health: 0/34       AC:  2    Str: 15    XL:     5   Next: 7%
Magic:  5/5        EV: 14    Int: 17    God:
Gold:   149        SH:  0    Dex: 11    Spells: 4/4 levels left

rFire    . . .     SeeInvis .   a - +0 mace (crush)
rCold    . . .     Gourm    .   (no shield)
rNeg     . . .     Faith    .   b - +1 hat
rPois    .         Spirit   .   (cloak restricted)
rElec    .         Reflect  .   (no amulet)
rCorr    .         Harm     .   (no ring)
MR       .....                  (no ring)
Stlth    ++++......             (no ring)
HPRegen  0.11/turn              (no ring)
MPRegen  0.09/turn              (no ring)
                                (no ring)
                                (no ring)
                                (no ring)

@: mighty, lethally poisoned (0 -> -2), berserk cooldown, hasted and slowed,
studying Long Blades
A: almost no armour, stealthy swim, amphibious, 8 rings, constrict 8, camouflage
1, gelatinous body 1
a: no special abilities


You were on level 3 of the Dungeon.
You were not hungry.

You visited 1 branch of the dungeon, and saw 3 of its levels.

You collected 149 gold pieces.

Inventory:

Hand Weapons
 a - a +0 mace of crushing (weapon)
 n - a +2 dagger of protection
Missiles
 e - 175 stones (quivered)
 i - 234 poisoned needles
Armour
 b - a +1 hat (worn)
Scrolls
 g - 3 scrolls of immolation {unknown}
 h - 2 scrolls of enchant armour {unknown}
 j - a scroll of remove curse {unknown}
 k - a scroll of teleportation {unknown}
 m - a scroll of enchant weapon {unknown}
 r - a scroll of amnesia {unknown}
Potions
 l - a potion of haste
 o - a potion of berserk rage
 q - a potion of might
Books
 c - a manual of Long Blades
Miscellaneous
 d - an ancient crate
Comestibles
 f - 6 rations {!d}
 p - 7 chunks of flesh


   Skills:
 - Level 1.7 Fighting
 + Level 2.4(3.3) Short Blades
 + Level 3.3(3.8) Long Blades
 - Level 1.0 Maces & Flails
 - Level 3.3 Dodging
 - Level 5.0 Stealth


You had 4 spell levels left.
You didn't know any spells.
Your spell library was empty.

Dungeon Overview and Level Annotations

Branches:
Dungeon (3/12)

Altars:
Wu Jian


Innate Abilities, Weirdness & Mutations

You cannot wear most types of armour.
You are very stealthy in the water. (Stealth+)
You are amphibious.
You can wear up to eight rings at the same time.
You can use your tentacles to constrict eight enemies at once.
Your skin changes colour to match your surroundings (Stealth+).
Your rubbery body absorbs attacks. (AC +1, EV +1)


Message History

You constrict the jackal.
You kill the jackal!
A jackal comes into view.
The jackal barks!
You feel a strong urge to attack something.
You feel sick.
You feel your anger nearly subside.
You are no longer berserk.
You are exhausted.
You feel yourself slow down.
You hit the jackal but do no damage. Your grab misses the jackal.
The jackal misses you. The jackal bites you.
* * * LOW HITPOINT WARNING * * *
You hit the jackal.
You kill the jackal!
* * * LOW HITPOINT WARNING * * *
You feel sick.
It was a potion of might.
You feel very mighty all of a sudden.
Okay, then.
You die...

#.# #.# #.# #÷# #.# #..
... #.####### #.. #.#
#...†...# #.# #.#
#######.# #.# #.# #@#
#.# #.# ### #.# #.# #.#
##.## #.# #.#
#.###...########.####.#
#.##..................#
..###...###...######..#
##................##..#
#.###....#...###.##..#
#.######.##.## #.##..#


There were no monsters in sight!

Vanquished Creatures
  Jessica (D:2)
  An adder (D:3)
  An ooze (D:1)
  3 worms
  3 dart slugs
  3 leopard geckos
  5 orcs
  6 bats
  3 goblins
  5 hobgoblins
  6 jackals
  8 kobolds
  A quokka (D:2)
  2 ball pythons
  8 frilled lizards (D:2)
  5 rats
61 creatures vanquished.

Notes
Turn   | Place    | Note
-------+----------+-------------------------------------------
     0 | D:1      | Chiseanne the Octopode Archaeologist began the quest for
                  | the Orb.
     0 | D:1      | Reached XP level 1. HP: 13/13 MP: 1/1
   286 | D:1      | Reached XP level 2. HP: 17/18 MP: 2/2
   852 | D:1      | Reached skill level 5 in Stealth
   882 | D:1      | Reached XP level 3. HP: 24/24 MP: 3/3
   916 | D:1      | Reached skill level 1 in Short Blades
  1461 | D:2      | Reached XP level 4. HP: 16/29 MP: 4/4
  1606 | D:2      | Noticed Jessica
  1610 | D:2      | Killed Jessica
  2196 | D:3      | Found an ornate altar of the Wu Jian Council.
  2360 | D:3      | Reached XP level 5. HP: 12/34 MP: 5/5
  2382 | D:3      | HP: 1/34 [jackal (2)]
  2387 | D:3      | Succumbed to an adder's poison

Skill      XL: |  1  2  3  4 |
---------------+-------------+-----
Stealth        | 5 |  5.0
Short Blades   | 2 |  2.4
Long Blades    | 3 |  3.3
Fighting       | |  1.7
Maces & Flails | |  1.0
Dodging        | |  3.3

Action                   |  1- 3 |  4- 6 || total
-------------------------+-------+-------++-------
Melee: Whip              |     6 |       ||     6
       Short sword       |    72 |     3 ||    75
       Constrict         |    21 |    16 ||    37
       Tentacles         |    12 |     5 ||    17
       Mace              |       |    47 ||    47
  Use: Potion            |       |     3 ||     3
 Stab: Sleeping          |    14 |     7 ||    21
  Eat: Chunk             |     2 |     3 ||     5
Armor: Skin              |    15 |     7 ||    22
Dodge: Dodged            |    59 |    28 ||    87
